Map: Tokamak LE

Players

Cyan

  • Race: Protoss Protoss
  • Spawn Location: 7:00

ShoWTimE - Winner!

  • Race: Protoss Protoss
  • Spawn Location: 1:00

Event: Esports World Cup 2025

VOD

Have the link to the VOD?

Description

Time

  • Played on: July 23, 2025, 6:37 a.m.
  • Length: 10:52

All games in this series

Show
View Real Time Build Order
Export as new Build Order

Cyan Protoss 

Build Orders: Blink Stalkers 

Get SALT Encoding   

  12  0:00  Probe  
  13  0:12  Probe  
  14  0:17  Pylon  
  14  0:23  Probe  
  15  0:32  Probe  
  15  0:38  Gateway  
  15  0:40  Probe  
  16  0:46  Assimilator  
  17  0:51  Probe  
  17  0:54  Assimilator  
  18  0:59  Probe  
  19  1:07  Gateway, Probe  
  19  1:17  Probe  
  21  1:27  Cybernetics Core  
  21  1:29  Probe  
  22  1:34  Pylon  
  22  1:41  Probe  
  23  1:53  Probe  
  24  2:01  Stalker  
  24  2:04  Warp Gate, Sentry  
  24  2:06  Probe  
  29  2:16  Pylon  
  29  2:20  Probe  
  30  2:31  Stalker x2  
  34  2:38  Pylon  
  33  2:49  Stalker x2  
  33  2:54  Nexus  
  33  3:00  Sentry x2  
  37  3:06  Shield Battery  
  37  3:07  Probe  
  38  3:12  Pylon  
  38  3:19  Probe  
  39  3:23  Twilight Council  
  39  3:31  Blink  
  39  3:33  Probe  
  35  3:46  Probe  
  36  3:53  Stalker x2  
  40  3:58  Probe  
  41  4:09  Probe  
  42  4:10  Probe  
  41  4:21  Probe  
  42  4:24  Probe  
  42  4:26  Stalker  
  42  4:29  Shield Battery  
  45  4:34  Probe  
  45  4:37  Probe  
  45  4:38  Stalker  
  49  4:46  Probe  
  49  4:49  Probe  
  49  4:50  Stalker  
  53  4:58  Pylon, Probe  
  53  4:59  Pylon  
  54  5:03  Probe  
  55  5:07  Stalker  
  55  5:10  Probe  
  58  5:17  Gateway  
  58  5:18  Robotics Facility  
  58  5:22  Stalker  
  58  5:27  Probe x2  
  62  5:31  Stalker  
  64  5:45  Probe x2  
  64  5:47  Stalker  
  68  5:53  Nexus  
  67  5:59  Stalker  
  65  6:14  Stalker x2  
  65  6:16  Pylon, Probe  
  70  6:29  Probe  
  71  6:33  Stalker  
  71  6:34  Probe  
  71  6:36  Assimilator  
  71  6:37  Pylon  
  68  6:43  Stalker x2  
  68  6:45  Probe  
  69  6:52  Probe  
  68  6:55  Stalker  
  68  6:57  Probe  
  71  7:04  Probe  
  66  7:11  Stalker x2  
  69  7:17  Immortal  
  69  7:18  Stalker  
  69  7:19  Probe  
  72  7:23  Probe  
  67  7:31  Probe  
  67  7:36  Stalker  
  62  7:39  Probe  
  62  7:43  Probe  
  64  7:45  Stalker  
  66  7:51  Shield Battery  
  66  7:52  Immortal  
  66  7:56  Gateway  
  70  8:05  Sentry  
  70  8:10  Pylon  
  72  8:18  Gateway  
  72  8:20  Gateway  
  72  8:25  Stalker  
  74  8:28  Gateway, Warp Prism  
  74  8:32  Gateway  
  74  8:34  Sentry  
  78  8:45  Pylon  
  70  8:58  Observer  
  70  9:02  Stalker  
  72  9:03  Stalker  
  72  9:07  Gateway, Probe  
  72  9:08  Pylon, Assimilator  
  76  9:10  Stalker  
  76  9:11  Probe  
  76  9:13  Stalker  
  76  9:15  Stalker  
  83  9:20  Probe  
  84  9:27  Stalker x4  
  84  9:28  Probe  
  92  9:33  Stalker  
  92  9:37  Stalker  
  96  9:44  Stalker  
  98  9:57  Sentry, Stalker  
  98  9:59  Adept  
  104  10:03  Stalker  
  104  10:06  Zealot x4  
  110  10:14  Probe  
  107  10:20  Stalker  
  107  10:21  Stalker x2  
  113  10:23  Probe  
  113  10:27  Stalker  
  110  10:32  Stalker  
  102  10:39  Stalker, Zealot x2  
Show
View Real Time Build Order
Export as new Build Order

ShoWTimE Protoss - Winner!

Build Orders: Oracle Opening, Blink Stalkers 

Get SALT Encoding   

  12  0:00  Probe  
  13  0:12  Probe  
  14  0:17  Pylon  
  14  0:23  Probe  
  15  0:31  Probe  
  15  0:35  Gateway  
  15  0:39  Probe  
  16  0:45  Assimilator  
  17  0:50  Probe  
  17  0:54  Assimilator  
  18  0:59  Probe  
  19  1:07  Gateway, Probe  
  19  1:17  Probe  
  20  1:23  Cybernetics Core  
  21  1:29  Probe  
  22  1:33  Pylon  
  22  1:41  Probe  
  23  1:59  Stargate  
  23  2:00  Adept x2  
  27  2:12  Warp Gate, Pylon  
  27  2:14  Probe  
  28  2:27  Stalker  
  30  2:37  Oracle  
  33  2:56  Probe  
  34  3:02  Nexus  
  34  3:10  Probe, Shield Battery  
  35  3:22  Probe  
  35  3:25  Twilight Council  
  36  3:34  Probe  
  35  3:42  Pylon  
  33  3:48  Blink  
  33  3:50  Pylon  
  33  3:52  Probe  
  34  4:00  Stalker x2  
  38  4:04  Probe  
  39  4:16  Probe  
  39  4:17  Probe  
  40  4:28  Probe  
  40  4:29  Probe  
  42  4:31  Stalker  
  42  4:35  Stalker  
  46  4:40  Probe  
  46  4:41  Probe  
  48  4:49  Pylon  
  48  4:53  Probe x2  
  50  5:05  Probe x2  
  52  5:07  Adept  
  52  5:08  Stalker  
  52  5:10  Gateway  
  56  5:17  Probe x2  
  58  5:23  Pylon  
  58  5:29  Probe  
  58  5:31  Nexus  
  59  5:36  Stalker  
  59  5:40  Pylon  
  61  5:44  Probe x2  
  61  5:45  Stalker  
  65  5:52  Shield Battery  
  65  5:56  Probe x2  
  67  5:59  Shield Battery  
  67  6:02  Stalker  
  67  6:08  Probe  
  67  6:09  Probe  
  67  6:10  Stalker x2  
  71  6:20  Shield Battery  
  71  6:21  Probe  
  71  6:23  Probe  
  71  6:24  Gateway  
  69  6:27  Stalker  
  71  6:33  Shield Battery x2  
  71  6:36  Stalker  
  69  6:41  Probe  
  69  6:42  Stalker  
  72  6:47  Shield Battery  
  72  6:51  Stalker  
  72  6:52  Probe  
  72  6:53  Probe  
  74  7:05  Stalker  
  74  7:06  Stalker  
  74  7:08  Probe  
  70  7:18  Stalker  
  70  7:20  Stalker  
  73  7:23  Probe  
  74  7:31  Probe  
  74  7:33  Probe  
  74  7:35  Stalker x2  
  74  7:36  Probe  
  75  7:39  Probe  
  75  7:41  Probe  
  76  7:45  Forge  
  76  7:47  Gateway  
  76  7:48  Probe x2  
  76  7:51  Probe  
  78  7:54  Robotics Facility, Stalker x2  
  84  7:59  Stalker  
  84  8:00  Probe x2, Stalker  
  84  8:03  Probe  
  84  8:05  Assimilator  
  91  8:06  Charge  
  91  8:08  Pylon  
  91  8:09  Pylon  
  91  8:12  Probe  
  92  8:16  Protoss Ground Weapons Level 1  
  92  8:24  Stalker  
  92  8:25  Pylon  
  90  8:31  Photon Cannon  
  90  8:32  Photon Cannon  
  90  8:36  Gateway  
  90  8:43  Nexus  
  86  8:53  Stalker x2  
  86  8:54  Stalker x2  
  88  8:58  Observer  
  86  9:09  Gateway  
  87  9:10  Gateway  
  87  9:14  Stalker  
  89  9:18  Pylon  
  89  9:25  Immortal  
  89  9:28  Stalker x2  
  89  9:29  Zealot x2  
  97  9:36  Probe  
  102  9:41  Pylon  
  102  9:42  Pylon  
  102  9:43  Zealot x2  
  104  9:52  Immortal  
  104  9:54  Zealot x2  
  104  9:55  Zealot x2  
  108  10:05  Stalker  
  108  10:06  Stalker  
  116  10:10  Zealot x2  
  116  10:17  Zealot x4  
  116  10:30  Zealot x2  
  116  10:35  Zealot x2  
  118  10:38  Zealot x4  
Tags
 
Add a new tag
Caveats
  • Supply blocks, unpowered buildings, or Contaminate may cause inaccurate times.
  • Supply counts are checked every 10 seconds.